 Dungeon Crawl Stone Soup version 0.30-a0-141-g30f27751c5 (webtiles) character file.

Game seed: 4230794085425331906

255 qw the Chopper (level 6, 0/39 HPs)
             Began as a Gargoyle Fighter on Sept 25, 2022.
             Killed from afar by Sigmund (4 damage)
             ... with a magic dart
             ... on level 4 of the Dungeon.
             The game lasted 00:01:08 (2861 turns).

qw the Chopper (Gargoyle Fighter)                   Turns: 2861, Time: 00:01:09

Health: 0/39       AC: 17    Str: 21    XL:     6   Next: 15%
Magic:  6/6        EV:  7    Int:  9    God:
Gold:   176        SH:  4    Dex:  9    Spells: 5/5 levels left

rFire   . . .      SeeInvis .    Y - +1 war axe
rCold   . . .      Faith    .    c - +0 buckler
rNeg    + . .      Spirit   .    e - +0 chain mail
rPois   inf        Reflect  .    (helmet restricted)
rElec   +          Harm     .    (no cloak)
rCorr   .          Rampage  .    (no gloves)
Will    .....                    (no boots)
Stlth   ..........               (no amulet)
HPRegen 0.13/turn                g - +4 ring of protection
MPRegen 0.10/turn                (no ring)

@: no status effects
A: sickness immunity, AC +4, negative energy resistance 1, electricity
resistance, torment resistance 1, petrification resistance, horns 1, talons 1,
MP-powered wands
a: no special abilities


You were on level 4 of the Dungeon.
You visited 1 branch of the dungeon, and saw 4 of its levels.

You collected 176 gold pieces.


Innate Abilities, Weirdness & Mutations

You are immune to sickness and miasma.
Your stone body is resilient. (AC +4)
You are immune to poison.
You resist negative energy. (rN+)
You are resistant to electric shocks. (rElec)
You are resistant to unholy torment.
You are immune to petrification.
You have a pair of small horns on your head.
You have sharp toenails.
You expend magic power (3 MP) to strengthen your wands.


   Skills:
 - Level 4.3 Fighting
 + Level 5.2 Axes
 - Level 3.2 Armour
 - Level 3.2 Shields


You had 5 spell levels left.
You didn't know any spells.
Your spell library was empty.

Inventory:

Hand Weapons
 b - a +0 flail
 Y - a +1 war axe (weapon)
Armour
 c - a +0 buckler (worn)
 e - a +0 chain mail (worn)
Jewellery
 g - a +4 ring of protection (left hand)
Scrolls
 a - 2 scrolls of teleportation
Potions
 d - 3 potions of might
 f - a potion of flight {unknown}
 h - 2 potions of mutation
 i - a potion of resistance {unknown}
 j - a potion of ambrosia {unknown}
 l - 2 potions of heal wounds

Dungeon Overview and Level Annotations

Branches:
Dungeon (4/15)
 Temple: D:4-7

Altars:
Ashenzari
Fedhas

Shops:
D:3 (

Annotations:
D:4 Sigmund


Message History

Sigmund hits you but does no damage.
You completely miss Sigmund. Your headbutt misses Sigmund.
Sigmund is severely wounded.
Sigmund hits you with a +0 scythe.
You barely miss Sigmund.
Sigmund is severely wounded.
Sigmund mumbles some strange words.
Sigmund flickers and vanishes!
Deactivating autopickup; reactivate with Ctrl-A.
2849 ||| Stepping ~*~*~tactically~*~*~ (hiding).
Something hits you but does no damage.
You swing at nothing.
Something completely misses you.
You swing at nothing.
You swing at nothing.
Something hits you.
You swing at nothing.
You hear a zap.
A puff of flame appears from out of thin air!
The puff of flame hits you but does no damage.
You swing at nothing.
Something hits you but does no damage.
You swing at nothing.
A magic dart appears from out of thin air!
The magic dart hits you.
You swing at nothing.
A magic dart appears from out of thin air!
The magic dart hits you.
You swing at nothing.
Something hits you.
You swing at nothing.
Something hits you but does no damage.
You swing at nothing.
Something hits you but does no damage.
You swing at nothing.
Something hits you but does no damage.
You swing at nothing.
A magic dart appears from out of thin air!
The magic dart hits you.
You die...

.# .# o# g#
o# o#
#.#######{#
#......@).#
#.###.#####
#.# #.# #.#
#. #.# #.#
#.# #.# #.#
##.# #.#
#.# ##..#
#.# #.#
....## #.#
#.#


There were no monsters in sight!

Vanquished Creatures
  A jelly (D:4)
  Terence (D:2)
  An orc wizard (D:4)
  4 gnolls (D:3)
  5 adders
  3 dart slugs
  3 worms
  9 bats
  4 endoplasms
  4 giant cockroaches
  10 hobgoblins
  3 jackals (D:2)
  2 quokkas (D:3)
  4 ball pythons
  3 frilled lizards
  9 goblins
  6 kobolds
  8 rats
80 creatures vanquished.

Vanquished Creatures (others)
  2 fungi (D:2)
  4 plants (D:2)
6 creatures vanquished.

Grand Total: 86 creatures vanquished

Notes
Turn   | Place    | Note
-------+----------+-------------------------------------------
     0 | D:1      | qw the Gargoyle Fighter began the quest for the Orb.
     0 | D:1      | Reached XP level 1. HP: 14/14 MP: 1/1
     0 | D:1      | 0 ||| qw: Version: 0.2-a-10-g399e6c4
     0 | D:1      | 0 ||| qw: Game counter: 294
     0 | D:1      | 0 ||| qw: Always use a shield: true
     0 | D:1      | 0 ||| qw: God list: Okawaru
     0 | D:1      | 0 ||| qw: Allow faded altars: false
     0 | D:1      | 0 ||| qw: Do Orc after D:15 true
     0 | D:1      | 0 ||| qw: Do second Lair branch before Depths: true
     0 | D:1      | 0 ||| qw: Lair rune preference: random
     0 | D:1      | 0 ||| qw: Plans: Normal, Zot:1-4, God:TSO, Crypt, Tomb,
                  | Pan, Slime:5, Hells, Abyss, Orb
     0 | D:1      | 0 ||| PLANNING D:1-11
    53 | D:1      | Reached skill level 2 in Axes
   118 | D:1      | 118 ||| Stepping ~*~*~tactically~*~*~ (hiding).
   123 | D:1      | Reached XP level 2. HP: 19/19 MP: 2/2
   251 | D:1      | 251 ||| Stepping ~*~*~tactically~*~*~ (stealth).
   475 | D:1      | Reached skill level 3 in Axes
   711 | D:1      | Reached XP level 3. HP: 23/23 MP: 3/3
   794 | D:1      | 794 ||| UPGRADING to +4 ring of protection.
   795 | D:1      | 795 ||| READING scroll labelled SAUSAHU JIGESK.
   796 | D:1      | 796 ||| READING scroll labelled SOYGUSHR HIXYC.
   797 | D:1      | 797 ||| DRINKING 3 grey potions.
   816 | D:2      | 816 ||| STAIRDANCE
   888 | D:2      | Found a faded altar of an unknown god.
   888 | D:2      | Noticed Terence
   897 | D:2      | Killed Terence
   898 | D:2      | Reached skill level 4 in Axes
   898 | D:2      | Reached XP level 4. HP: 22/28 MP: 4/4
  1371 | D:2      | 1371 ||| Stepping ~*~*~tactically~*~*~ (stealth).
  1413 | D:2      | 1413 ||| Stepping ~*~*~tactically~*~*~ (stealth).
  1531 | D:2      | Reached XP level 5. HP: 31/32 MP: 5/5
  1776 | D:2      | 1776 ||| UPGRADING to +0 chain mail.
  1786 | D:2      | 1786 ||| DROPPING +0 scale mail.
  1787 | D:2      | 1787 ||| READING scroll labelled WODEBU QETA.
  1788 | D:2      | 1788 ||| READING 2 scrolls labelled LETHREE XOEL.
  1789 | D:2      | 1789 ||| READING scroll labelled TONUOB EBUENEF.
  1790 | D:2      | 1790 ||| DRINKING 2 fizzy orange potions.
  1790 | D:2      | Gained mutation: You have a pair of small horns on your
                  | head. [potion of mutation]
  1790 | D:2      | Gained mutation: You expend magic power (3 MP) to
                  | strengthen your wands. [potion of mutation]
  1790 | D:2      | Gained mutation: You have sharp toenails. [potion of
                  | mutation]
  1791 | D:2      | 1791 ||| DRINKING 2 green potions.
  1792 | D:2      | 1792 ||| DROPPING scroll of amnesia.
  1818 | D:3      | 1818 ||| STAIRDANCE
  1909 | D:3      | Found a broken altar of Ashenzari.
  1924 | D:3      | 1924 ||| Stepping ~*~*~tactically~*~*~ (hiding).
  1937 | D:3      | Reached skill level 5 in Axes
  2046 | D:3      | 2046 ||| DROPPING +0 club.
  2120 | D:3      | Found a blossoming altar of Fedhas.
  2194 | D:3      | Found Gaysufu's Weapon Shop.
  2208 | D:3      | 2208 ||| SHOPLISTING +2 flail of protection (162 gold, have
                  | 96).
  2360 | D:3      | 2360 ||| Stepping ~*~*~tactically~*~*~ (hiding).
  2685 | D:3      | 2685 ||| READING 3 scrolls labelled HAHIN KODUF.
  2728 | D:4      | Reached XP level 6. HP: 28/39 MP: 6/6
  2728 | D:4      | 2728 ||| STAIRDANCE
  2838 | D:4      | Noticed Sigmund
  2839 | D:4      | 2839 ||| Stepping ~*~*~tactically~*~*~ (hiding).
  2841 | D:4      | 2841 ||| DRINKING potion of curing.
  2841 | D:4      | 2841 ||| (to cure confusion)
  2849 | D:4      | 2849 ||| Stepping ~*~*~tactically~*~*~ (hiding).
  2856 | D:4      | HP: 7/39 [something/magic dart (6)]
  2857 | D:4      | HP: 3/39 [something (4)]
  2861 | D:4      | Killed from afar by Sigmund

Levels and vault maps discovered:
D:1:      giann_bridges, layout_basic
D:2:      layout_basic, dreamdust_ecumenical_altar_hidden_monk_grotto,
          chequers_serial_rivers_micro_b, uniq_terence
D:3:      layout_loops_cross, cheibrodos_ashenzari_chains, fedhas_altar_2,
          serial_shops, shop, chequers_garden
D:4:      layout_loops_ring, uniq_sigmund

Skill      XL: |  1  2  3  4  5 |
---------------+----------------+-----
Axes           | 2 3 4 5 |  5.2
Fighting       | 4 |  4.3
Armour         | |  3.2
Shields        | |  3.2

Action                   |  1- 3 |  4- 6 || total
-------------------------+-------+-------++-------
Melee: War axe           |    75 |   137 ||   212
       Kick              |       |    12 ||    12
       Headbutt          |       |     6 ||     6
  Use: Scroll            |     2 |     4 ||     6
       Potion            |     1 |     3 ||     4
 Stab: Distracted        |     1 |       ||     1
Armor: Scale mail        |    45 |    33 ||    78
       Chain mail        |       |    53 ||    53
Dodge: Dodged            |    37 |    45 ||    82
Block: Buckler           |    16 |    29 ||    45

Table legend:
 A = Non-vault XP
 B = Vault XP
 C = Vault XP percentage of total XP
 D = Non-vault monster count
 E = Vault monster count
 F = Vault count percentage of total count
                 A         B        C        D         E       F
            +---------+---------+-------+---------+---------+-------
      Total |     329 |      36 |   9.9 |      79 |       1 |   1.2
            +---------+---------+-------+---------+---------+-------
        D:1 |      42 |       0 |   0.0 |      26 |       0 |   0.0
        D:2 |      97 |      36 |  27.1 |      27 |       1 |   3.6
        D:3 |     112 |       0 |   0.0 |      24 |       0 |   0.0
        D:4 |      78 |       0 |   0.0 |       2 |       0 |   0.0
            +---------+---------+-------+---------+---------+-------
